 Seeded DCSS version 0.31-a0-217-g58bb5d79cf (webtiles) character file.

Game seed: 6611737155215251540 (custom seed)

39 innerfire43 the Slasher (level 3, 0/29 HPs)
             Began as a Demonspawn Monk on July 2, 2023.
             Slain by a gnoll
             ... wielding a +0 flail
              (2 damage)
             ... on level 2 of the Dungeon.
             The game lasted 00:00:46 (1121 turns).

innerfire43 the Slasher (Demonspawn Monk)           Turns: 1121, Time: 00:00:47

Health: 0/29       AC:  4    Str: 13    XL:     3   Next: 28%
Magic:  3/3        EV: 12    Int: 11    God:
Gold:   129        SH:  0    Dex: 15    Spells: 2/2 levels left

rFire   + . .        a - +0 falchion
rCold   . . .        d - orb {light}
rNeg    . . .        i - +2 robe {rF+}
rPois   .            (helmet restricted)
rElec   .            (no cloak)
rCorr   .            (no gloves)
SInv    .            (no boots)
Will    .....        (no amulet)
Stlth   +            (no ring)
HPRegen 0.24/turn    (no ring)
MPRegen 0.08/turn

%: no passive effects
@: glowing
A: horns 1
a: no special abilities


You were on level 2 of the Dungeon.
You visited 1 branch of the dungeon, and saw 2 of its levels.

You collected 129 gold pieces.

Inventory:

Hand Weapons
 a - a +0 falchion (weapon)
Armour
 b - a +0 robe
 d - an orb of light (worn)
 i - a +2 robe of fire resistance (worn)
Jewellery
 r - a ring of see invisible
Scrolls
 e - 3 scrolls of vulnerability {unknown}
 f - 2 scrolls of revelation {unknown}
 g - a scroll of brand weapon {unknown}
 m - a scroll of torment {unknown}
 o - a scroll of enchant armour {unknown}
 q - a scroll of identify {unknown}
Potions
 c - a potion of ambrosia
 h - a potion of heal wounds {unknown}
 j - a potion of mutation {unknown}
 k - a potion of brilliance {unknown}
 l - 2 potions of might {unknown}
 n - a potion of degeneration {unknown}
 p - 2 potions of curing {unknown}


   Skills:
 + Level 3.5 Fighting
 * Level 3.6 Long Blades
 - Level 2.6 Dodging


You had 2 spell levels left.
You didn't know any spells.
Your spell library was empty.

Dungeon Overview and Level Annotations

Branches:
Dungeon (2/15)

Altars:


Innate Abilities, Weirdness & Mutations

You have a pair of small horns on your head.


Message History

You now have 129 gold pieces (gained 16).
q - a scroll labelled GOUGUT HUAFFO No target in view!
No target in view!
Found a scale mail.
No target in view!
r - a ring of see invisible No target in view!
A gnoll comes into view. It is wielding a +0 spear.
The gnoll shouts!
A gnoll comes into view. It is wielding a +0 flail.
A gnoll comes into view. It is wielding a +0 club.
The gnoll shouts!
The gnoll barely misses you.
There are monsters nearby!
You hit the gnoll but do no damage.
You headbutt the gnoll, but do no damage.
The gnoll hits you with a +0 spear.
There are monsters nearby!
You barely miss the gnoll. You hit the gnoll but do no damage.
The gnoll barely misses you. The gnoll hits you with a +0 flail.
There are monsters nearby!
You barely miss the gnoll. Your headbutt misses the gnoll.
The gnoll completely misses you. The gnoll barely misses you.
The gnoll hits you with a +0 spear. The gnoll hits you with a +0 flail!
There are monsters nearby!
You hit the gnoll.
The gnoll is lightly wounded.
The gnoll closely misses you. The gnoll hits you with a +0 flail!
* * * LOW HITPOINT WARNING * * *
There are monsters nearby!
You are too injured to fight recklessly!
Unknown command.
You hit the gnoll. You headbutt the gnoll.
The gnoll is severely wounded.
The gnoll hits you with a +0 spear.
* * * LOW HITPOINT WARNING * * *
The gnoll hits you with a +0 flail.
You die...

#.#####.# #.......... #.....#.#
##'########
############.....#.#####.###.....
.................................
############.#####.#####.....###.
#.........##.#####[# #########.
..##.............#.# #......
..##.###...#.###.#.# #......
#.##.# #.###.# #@#.# ######.
#.##.# # #......gg...... ..#.
#..#.# ..#.###.#.##### #.#.
#....# #.#.# #.#... ).#.#.
#.#..#######.# #.# ### #.#.#.
..##...†.....# #.# #.#.#.
######.####### #.# ####.#...
........# #.# #......##
######..## #.# #....#.#


You could see 2 gnolls.

Vanquished Creatures
  An adder (D:2)
  3 worms (D:2)
  A ball python (D:2)
  2 endoplasms
  A giant cockroach (D:1)
  A goblin (D:1)
  2 hobgoblins
  A quokka (D:1)
  4 bats
  4 kobolds (D:2)
  A rat (D:2)
21 creatures vanquished.

Notes
Turn   | Place    | Note
-------+----------+-------------------------------------------
     0 | D:1      | innerfire43 the Demonspawn Monk began the quest for the
                  | Orb.
     0 | D:1      | Reached XP level 1. HP: 18/18 MP: 1/1
   309 | D:1      | Gained mutation: You have a pair of small horns on your
                  | head. [demonic ancestry]
   309 | D:1      | Reached XP level 2. HP: 24/24 MP: 2/2
   751 | D:2      | Reached XP level 3. HP: 28/29 MP: 3/3
  1121 | D:2      | Slain by a gnoll

Illustrated notes

Levels and vault maps discovered:
D:1:      amcnicky_arrival_feature_with_door, layout_basic
D:2:      layout_basic, uniq_crazy_yiuf_cottage

Skill      XL: |  1 |
---------------+----+-----
Long Blades    | 3 |  3.6
Fighting       | |  3.5
Dodging        | |  2.6

Action                     || total
---------------------------++-------
  Melee: Falchion          ||    57
         Headbutt          ||    14
 Armour: Robe              ||    10
  Dodge: Dodged            ||    32

Table legend: (Time is in decaauts)
 A = Elapsed time spent in this place.
 B = Non-inter-level travel time spent in this place.
 C = Inter-level travel time spent in this place.
 D = Time resting spent in this place.
 E = Time spent auto-exploring this place.
 F = Levels seen in this place.
 G = Mean time per level.
                   A        B        C        D        E       F      G
               +--------+--------+--------+--------+--------+-----+--------+
         Total |   1127 |   1073 |     54 |      0 |    910 |   2 |  563.5 |
       Dungeon |   1127 |   1073 |     54 |      0 |    910 |   2 |  563.5 |
               +--------+--------+--------+--------+--------+-----+--------+

Top non-repeatable levels by time:
     D:1: 668 daAuts
     D:2: 459 daAuts
